 Dungeon Crawl Stone Soup version 0.30.0-5-g1a98f26d00 (webtiles) character file.

Game seed: 12064071418646842913

92 fozzywoppz the Trooper (level 4, -2/29 HPs)
             Began as a Gargoyle Fighter on May 10, 2023.
             Slain by Sigmund
             ... wielding a +0 scythe
              (8 damage)
             ... on level 2 of the Dungeon.
             The game lasted 00:04:21 (1257 turns).

fozzywoppz the Trooper (Gargoyle Fighter)           Turns: 1257, Time: 00:04:21

Health: -2/29      AC: 14    Str: 19    XL:     4   Next: 60%
Magic:  4/4        EV: 12    Int:  9    God:
Gold:   73         SH:  4    Dex: 11    Spells: 3/3 levels left

rFire   . . .        b - +2 whip (vamp)
rCold   . . .        c - +0 buckler
rNeg    + . .        g - +0 chain mail
rPois   ∞            (no helmet)
rElec   +            j - +0 cloak
rCorr   .            (no gloves)
SInv    .            (no boots)
Will    .....        (no amulet) Stlth
                     e - +5 ring of evasion
HPRegen 0.24/turn    (no ring)
MPRegen 0.09/turn

%: no passive effects
@: mighty
A: sickness immunity, AC +3, negative energy resistance 1, electricity
resistance, torment resistance 1, petrification resistance
a: no special abilities


You were on level 2 of the Dungeon.
You visited 1 branch of the dungeon, and saw 2 of its levels.

You collected 73 gold pieces.

Inventory:

Hand Weapons
 a - a +0 flail
 b - a +2 vampiric whip (weapon)
Armour
 c - a +0 buckler (worn)
 g - a +0 chain mail (worn)
 j - a +0 cloak (worn)
Jewellery
 e - a +5 ring of evasion (left hand)
Scrolls
 i - a scroll of brand weapon {unknown}
 l - a scroll of identify {unknown}
Potions
 f - 2 potions of attraction {unknown}
 h - a potion of heal wounds {unknown}
 k - a potion of curing {unknown}
 m - 2 potions of invisibility {unknown}


   Skills:
 + Level 4.0 Fighting
 + Level 2.8 Maces & Flails
 + Level 4.0 Armour
 + Level 4.0 Shields


You had 3 spell levels left.
You didn't know any spells.
Your spell library was empty.

Dungeon Overview and Level Annotations

Branches:
Dungeon (2/15)

Altars:

Annotations:
D:2 Sigmund


Innate Abilities, Weirdness & Mutations

You are immune to sickness and miasma.
Your stone body is resilient. (AC +3)
You are immune to poison.
You resist negative energy. (rN+)
You are resistant to electric shocks. (rElec)
You are resistant to unholy torment.
You are immune to petrification.


Message History

The adder is heavily wounded.
You block the adder's attack.
You miss the adder.
The adder is heavily wounded.
Something hits you. You block the adder's attack.
You barely miss the adder.
The adder is heavily wounded.
You block the adder's attack.
You hear some strange, mumbled words.
A magic dart appears from out of thin air!
The magic dart hits you but does no damage.
You closely miss the adder.
The adder is heavily wounded.
The adder misses you. Something hits you. The adder closely misses you.
You miss the adder.
The adder is heavily wounded.
The adder closely misses you.
You closely miss something. Something hits you. The adder bites you.
You whack the adder!
You feel better.
You kill the adder!
Something hits you but does no damage.
You closely miss something. You closely miss something.
Something hits you but does no damage.
You closely miss something. Something hits you.
You hit something. You block something's attack.
You barely miss something. You closely miss something.
Sigmund appears from thin air!
Reactivating autopickup.
Sigmund casts a spell.
Sigmund flickers and vanishes!
Deactivating autopickup; reactivate with Ctrl-A.
Unknown command.
You hit something.
You feel better. Something hits you but does no damage.
You completely miss something. You hit something. Something hits you.
* * * LOW HITPOINT WARNING * * *
Unknown command.
You feel very mighty all of a sudden. Something hits you!
You die...

##### ##.# ##.# ##..# #..## #
#.########
######################.........
........#..........##)...######
........#................# #
...)....#.....@....<.##### #
#...........{........## #
#................###..### #
#.....############ ##...#####
#....{# ###...... #.....#
######. #.....# ## #.....#
#######


There were no monsters in sight!

Vanquished Creatures
  4 adders
  4 dart slugs
  3 ball pythons (D:1)
  2 endoplasms (D:2)
  2 giant cockroaches
  4 goblins
  2 hobgoblins
  9 jackals
  2 quokkas
  2 bats (D:1)
  3 frilled lizards
  6 kobolds (D:2)
  2 rats (D:1)
45 creatures vanquished.

Notes
Turn   | Place    | Note
-------+----------+-------------------------------------------
     0 | D:1      | fozzywoppz the Gargoyle Fighter began the quest for the
                  | Orb.
     0 | D:1      | Reached XP level 1. HP: 14/14 MP: 1/1
   172 | D:1      | Reached XP level 2. HP: 18/19 MP: 2/2
   767 | D:1      | Reached XP level 3. HP: 24/24 MP: 3/3
   867 | D:2      | Found a faded altar of an unknown god.
   990 | D:2      | Reached XP level 4. HP: 29/29 MP: 4/4
  1013 | D:2      | Noticed Sigmund
  1257 | D:2      | Slain by Sigmund

Illustrated notes

Levels and vault maps discovered:
D:1:      dpeg_arrival_leaves_temple_mockup, layout_basic, st_stairs_13
D:2:      layout_rooms, basic_ecumenical_altar, dk_vineyard_1, uniq_sigmund

Skill      XL: |  1  2  3  4 |
---------------+-------------+-----
Fighting       | 4 |  4.0
Armour         | 4 |  4.0
Shields        | 4 |  4.0
Maces & Flails | |  2.8

Action                     |  1- 3 |  4- 6 || total
---------------------------+-------+-------++-------
  Melee: Flail             |   101 |    21 ||   122
         Whip              |       |    45 ||    45
    Use: Scroll            |       |     1 ||     1
         Potion            |       |     1 ||     1
 Armour: Scale mail        |     9 |       ||     9
         Chain mail        |    63 |    28 ||    91
  Dodge: Dodged            |   114 |    24 ||   138
  Block: Buckler           |    34 |    11 ||    45
